 Dungeon Crawl Stone Soup version 0.25.1-2-g60ff931df9 (webtiles) character file.

Game seed: 5548494712073366865

126 DearestLeader the Conjurer (level 4, -2/33 HPs)
             Began as a Draconian Conjurer on Oct 29, 2020.
             Killed by divine providence
             ... invoked by an orc priest
              (14 damage)
             ... on level 3 of the Dungeon.
             The game lasted 00:04:10 (2609 turns).

DearestLeader the Conjurer (Draconian Conjurer)     Turns: 2609, Time: 00:04:10

Health: -2/33      AC:  6    Str: 11    XL:     4   Next: 84%
Magic:  0/7        EV: 12    Int: 16    God:
Gold:   60         SH:  0    Dex: 11    Spells: 6/7 levels left

rFire    . . .     SeeInvis .   i - +2 dagger (flame)
rCold    . . .     Gourm    .   (no shield)
rNeg     . . .     Faith    .   (armour unavailable)
rPois    +         Spirit   +   (helmet restricted)
rElec    .         Reflect  .   p - scarf {+Inv}
rCorr    .         Harm     .   (no gloves)
MR       .....                  o - +0 pair of boots
Stlth    ++........             j - amulet of guardian spirit
HPRegen  0.11/turn              m - ring of poison resistance
MPRegen  0.10/turn              (no ring)

@: no status effects
A: unfitting armour, cold-blooded, AC +5
a: Evoke Invisibility


You were on level 3 of the Dungeon.
You were not hungry.

You visited 1 branch of the dungeon, and saw 3 of its levels.

You collected 60 gold pieces.

Inventory:

Hand Weapons
 d - a +0 short sword
 i - a +2 dagger of flaming (weapon)
Armour
 o - a +0 pair of boots (worn)
 p - a scarf of invisibility (worn)
Jewellery
 j - an amulet of guardian spirit (around neck)
 m - a ring of poison resistance (left hand)
Scrolls
 a - 2 scrolls of fog {unknown}
 c - 4 scrolls of remove curse {unknown}
 e - 2 scrolls of immolation {unknown}
 f - a scroll of enchant weapon {unknown}
 n - a scroll of enchant armour {unknown}
 r - 3 scrolls of identify {unknown}
Potions
 g - a potion of degeneration {unknown}
 h - a potion of lignification {unknown}
 k - 2 potions of curing
 l - 2 potions of flight {unknown}
Comestibles
 b - 3 rations
 q - 3 chunks of flesh


   Skills:
 - Level 2.0 Dodging
 - Level 1.7 Stealth
 - Level 2.0 Spellcasting
 * Level 6.2 Conjurations


You had 6 spell levels left.
You knew the following spells:

 Your Spells              Type           Power        Failure   Level  Hunger
a - Magic Dart            Conj           ###.         1%          1    #......

Your spell library contained the following spells:

 Spells                   Type           Power        Failure   Level  Hunger
 Searing Ray              Conj           ###...       2%          2    ###....
 Dazzling Flash           Conj/Hex       ##....       17%         3    ###....
 Fulminant Prism          Conj/Hex       ##........   50%         4    #####..
 Iskenderun's Mystic Bla  Conj/Tloc      ##......     50%         4    #####..


Dungeon Overview and Level Annotations

Branches:
Dungeon (3/15)

Altars:
Uskayaw
Zin


Innate Abilities, Weirdness & Mutations

Your plain brown scales are hard. (AC +5)
You cannot fit into any form of body armour.
You are cold-blooded and may be slowed by cold attacks.


Message History

Casting: Magic Dart (safe; 1% risk of failure)
Confirm with . or Enter, or press ? or * to list all spells.
Aiming: Magic Dart (safe; 1% risk of failure)
Press: ? - help, Shift-Dir - straight line, f/p - orc priest
Aim: an orc priest, wielding a +0 hand axe (moderately wounded)
The magic dart hits the orc priest.
The orc priest is severely wounded.
The orc priest hits you with a +0 hand axe.
* * * LOW HITPOINT WARNING * * *
It was a potion of curing.
You feel better.
You hit the orc priest but do no damage.
Your tail-slap misses the orc priest.
The orc priest is severely wounded.
The orc priest hits you with a +0 hand axe.
You hit the orc priest. You burn the orc priest.
You tail-slap the orc priest, but do no damage.
The orc priest is almost dead.
The orc priest invokes the aid of Beogh against you.
Beogh smites you!
You die...

#.......####.#
.............#
#.......######
...........(.#
#########(###.# #
..#...........#.#
#####.#.###...##....#
#..##.#...#.o.##.#.##
#.[##.#.....@..#)#...
#..##.#....#...#.#.###
#..##.#..........#.#
#<.............###..
#####......#..... ..
............###..
############... ####


You could see an orc priest.

Vanquished Creatures
  Jessica (D:2)
  An orc wizard (D:3)
  4 adders
  A worm (D:2)
  An orc (D:3)
  4 giant cockroaches
  3 goblins
  6 hobgoblins
  2 jackals (D:2)
  A quokka (D:2)
  A bat (D:2)
  A frilled lizard (D:1)
  7 kobolds
  4 rats (D:2)
37 creatures vanquished.

Notes
Turn   | Place    | Note
-------+----------+-------------------------------------------
     0 | D:1      | DearestLeader the Draconian Conjurer began the quest for
                  | the Orb.
     0 | D:1      | Reached XP level 1. HP: 14/14 MP: 3/3
    30 | D:1      | You fall into a shaft and drop 1 floor!
   665 | D:1      | Reached XP level 2. HP: 12/20 MP: 5/5
  1383 | D:2      | Reached skill level 5 in Conjurations
  1465 | D:2      | Reached XP level 3. HP: 23/26 MP: 4/6
  1813 | D:2      | Found a hide-covered altar of Uskayaw.
  1816 | D:2      | Noticed a +0 dagger
  1816 | D:2      | Noticed a +0 hand axe
  1860 | D:2      | Found a glowing silver altar of Zin.
  2176 | D:2      | Noticed Jessica
  2199 | D:2      | Killed Jessica
  2199 | D:2      | Reached XP level 4. HP: 26/33 MP: 0/7
  2591 | D:3      | Reached skill level 6 in Conjurations
  2609 | D:3      | Killed from afar by an orc priest

Illustrated notes

Levels and vault maps discovered:
D:1:      mrwooster_arrival_statue_3, layout_loops_ring
D:2:      layout_loops_ring, zin_treasury, dancing_weapons_uskayaw, uniq_jessica
D:3:      layout_basic, nicolae_overflow_hidden_temple, marbit_many_paths

Skill      XL: |  1  2  3  4 |
---------------+-------------+-----
Conjurations   | 5 6 |  6.2
Dodging        | 2 |  2.0
Stealth        | |  1.7
Spellcasting   | |  2.0

Action                   |  1- 3 |  4- 6 || total
-------------------------+-------+-------++-------
Melee: Short sword       |    12 |       ||    12
       Dagger            |    66 |    21 ||    87
       Tailslap          |     9 |     2 ||    11
 Cast: Magic Dart        |    27 |    12 ||    39
  Use: Potion            |       |     1 ||     1
 Stab: Sleeping          |     3 |       ||     3
  Eat: Chunk             |     4 |     2 ||     6
Armor: Skin              |    17 |     5 ||    22
Dodge: Dodged            |    48 |     4 ||    52
